 Dungeon Crawl Stone Soup version 0.27-a0-906-g0a00ce863d (webtiles) character file.

Game seed: 1324055766905645329

67 robertstho the Skirmisher (level 4, -1/55 HPs)
             Began as a Demonspawn Abyssal Knight on Apr 6, 2021.
             Was a Follower of Lugonu.
             Succumbed to an orc's poison
             ... on level 2 of the Dungeon.
             The game lasted 00:02:09 (2969 turns).

robertstho the Skirmisher (DsAK)                    Turns: 2969, Time: 00:02:10

Health: -1/55      AC:  5    Str: 13    XL:     4   Next: 0%
Magic:  6/6        EV:  8    Int: 14    God:    Lugonu [*.....]
Gold:   96         SH:  7    Dex: 12    Spells: 3/3 levels left

rFire    . . .     SeeInvis .   a - +1 falchion
rCold    . . .     Faith    .   j - +0 kite shield
rNeg     . . .     Spirit   .   b - +0 leather armour
rPois    .         Reflect  .   (no helmet)
rElec    .         Harm     .   (no cloak)
rCorr    .         Rampage  .   (no gloves)
Will     .....                  (no boots)
Stlth    ..........             (no amulet)
HPRegen  0.18/turn              (no ring)
MPRegen  0.20/turn              (no ring)

@: berserking, lethally poisoned (-1 -> -13), very quick
A: yellow scales 1, ignite blood 1, magic regeneration
a: Renounce Religion, Depart the Abyss


You were on level 2 of the Dungeon.
You worshipped Lugonu.
Lugonu was aware of your devotion.
You visited 1 branch of the dungeon, and saw 3 of its levels.
You visited the Abyss 1 time.

You collected 96 gold pieces.

Inventory:

Hand Weapons
 a - a +1 falchion (weapon)
Armour
 b - a +0 leather armour (worn)
 j - a +0 kite shield (worn)
Scrolls
 c - a scroll of fear {unknown}
 e - a scroll of enchant weapon {unknown}
 f - 2 scrolls of teleportation {unknown}
 h - a scroll of holy word {unknown}
 i - a scroll of fog {unknown}
 m - 2 scrolls of identify {unknown}
Potions
 g - a potion of brilliance
 n - a potion of degeneration {unknown}


   Skills:
 * Level 3.9 Fighting
 + Level 1.9 Long Blades
 * Level 2.3 Armour
 + Level 1.1 Dodging
 + Level 0.2 Stealth
 + Level 0.4 Shields
 * Level 3.2 Invocations


You had 3 spell levels left.
You didn't know any spells.
Your spell library contained the following spells:

 Spells                   Type           Power      Damage    Failure   Level
 Magic Dart               Conj           0%         1d3       94%         1
 Blink                    Tloc           N/A        N/A       98%         2
 Call Imp                 Summ           0%         N/A       98%         2
 Slow                     Hex            0%         N/A       98%         2
 Conjure Flame            Conj/Fire      0%         6-21      100%        3
 Mephitic Cloud           Conj/Pois/Air  0%         N/A       100%        3


Dungeon Overview and Level Annotations

Branches:
Dungeon (3/15)

Altars:


Innate Abilities, Weirdness & Mutations

You are partially covered in yellow scales. (AC +2)
Your demonic aura sometimes causes spilled blood to erupt in flames You regenerate magic rapidly.


Message History

You feel clever.
Your demonic ancestry asserts itself...
Your blood heats up.
You barely miss the orc. The orc hits you with a +0 flail.
The orc hits you with a +0 flail!
You hit the orc.
The orc is moderately wounded.
You hit the orc but do no damage.
The orc is moderately wounded.
The orc barely misses you.
The orc hits you with a +0 dagger of venom.
You are poisoned.
The orc barely misses you. The orc hits you but does no damage.
You are more poisoned.
You feel very sick. You block the orc's attack. The orc barely misses you.
You climb upwards.
You feel very sick.
There is a stone staircase leading down, spattered with blood here.
It was a potion of berserk rage.
A red film seems to cover your vision as you go berserk!
You feel yourself moving faster!
You feel mighty!
You feel sick. The orc hits you with a +0 flail!
* * * LOW HITPOINT WARNING * * *
You block the orc's attack.
You hit the orc.
The orc is severely wounded.
You feel sick. The orc barely misses you.
You closely miss the orc.
The orc is severely wounded.
* * * LOW HITPOINT WARNING * * *
You feel sick.
The orc hits you with a +0 dagger of venom.
* * * LOW HITPOINT WARNING * * *
You are lethally poisoned!
The orc hits you with a +0 flail.
* * * LOW HITPOINT WARNING * * *
You hit the orc.
You kill the orc!
Lugonu accepts your kill.
You die...

#..##.### #..#.#.### #.
#.......#####....#...# #.
#..##.#........#####.# #.
#..##.#.#####....#...# #.
#..##..^......#..#.############.
#.......###.####................
##............#...##############
############.#o### #.)@# #####


You could see an orc.

Vanquished Creatures
  An orc wizard (D:2)
  An adder (D:2)
  A dart slug (D:2)
  2 orcs
  2 bats
  An endoplasm (D:1)
  4 goblins
  3 jackals (D:2)
  5 ball pythons
  A frilled lizard (D:1)
  6 kobolds
  6 rats
33 creatures vanquished.

Notes
Turn   | Place    | Note
-------+----------+-------------------------------------------
     0 | Abyss:1  | robertstho the Demonspawn Abyssal Knight began the quest
                  | for the Orb.
     0 | Abyss:1  | Reached XP level 1. HP: 18/18 MP: 2/2
    41 | Abyss:1  | Noticed a tentacled starspawn
    42 | D:1      | Escaped the Abyss
   654 | D:1      | Gained mutation: You regenerate magic rapidly. [demonic
                  | ancestry]
   654 | D:1      | Reached XP level 2. HP: 15/24 MP: 3/3
   659 | D:1      | Reached * piety under Lugonu
  1549 | D:2      | Reached skill level 1 in Dodging
  2002 | D:2      | Gained mutation: You are partially covered in yellow
                  | scales. (AC +2) [demonic ancestry]
  2002 | D:2      | Reached XP level 3. HP: 26/30 MP: 4/4
  2179 | D:2      | Found a faded altar of an unknown god.
  2961 | D:3      | Gained mutation: Your demonic aura sometimes causes spilled
                  | blood to erupt in flames [demonic ancestry]
  2961 | D:3      | Reached XP level 4. HP: 37/37 MP: 6/6
  2968 | D:2      | HP: 2/55 [orc/+0 flail (3)]
  2969 | D:2      | Succumbed to an orc's poison

Illustrated notes

Levels and vault maps discovered:
D:1:      roderic_octagonal_star, layout_basic, minmay_bisected
D:2:      layout_loops_ring, basic_ecumenical_altar
D:3:      minmay_skewed_foursquare, layout_basic

Skill      XL: |  1  2  3 |
---------------+----------+-----
Armour         | 2 |  2.3
Dodging        | 1 |  1.1
Invocations    | 3 |  3.2
Fighting       | |  3.9
Long Blades    | |  1.9
Stealth        | |  0.2
Shields        | |  0.4

Action                   |  1- 3 |  4- 6 || total
-------------------------+-------+-------++-------
Melee: Falchion          |   113 |     6 ||   119
Invok: Depart the Abyss  |     1 |       ||     1
  Use: Potion            |     3 |     1 ||     4
Armor: Leather armour    |    35 |     1 ||    36
       Skin              |    24 |       ||    24
Dodge: Dodged            |    45 |     4 ||    49
Block: Kite shield       |    30 |     2 ||    32
       Rpst.: Falchion   |    12 |       ||    12

Table legend: (Time is in decaauts)
 A = Elapsed time spent in this place.
 B = Non-inter-level travel time spent in this place.
 C = Inter-level travel time spent in this place.
 D = Time resting spent in this place.
 E = Time spent auto-exploring this place.
 F = Levels seen in this place.
 G = Mean time per level.
                   A        B        C        D        E       F      G
               +--------+--------+--------+--------+--------+-----+--------+
         Total |   3022 |   2920 |    102 |    550 |   2088 |   4 |  755.5 |
       Dungeon |   2980 |   2878 |    102 |    550 |   2053 |   3 |  993.3 |
         Abyss |     42 |     42 |      0 |      0 |     35 |   1 |   42.0 |
               +--------+--------+--------+--------+--------+-----+--------+

Top non-repeatable levels by time:
     D:1: 1501 daAuts
     D:2: 1440 daAuts
 Abyss:1: 42 daAuts
     D:3: 38 daAuts
